 Dungeon Crawl Stone Soup version 0.20.1-1-g8b1a95d (webtiles) character file.

1097 Folque the Conjurer (level 8, -1/52 HPs)
             Began as an Octopode Wizard on Nov 18, 2017.
             Was a Follower of Sif Muna.
             Slain by a bullfrog (3 damage)
             ... in the Ecumenical Temple.
             The game lasted 00:23:13 (5140 turns).

Folque the Conjurer (Octopode Wizard)               Turns: 5140, Time: 00:23:13

Health: -1/52      AC:  1    Str:  7    XL:     8   Next: 31%
Magic:  2/16       EV: 13    Int: 22    God:    Sif Muna [*.....]
Gold:   195        SH:  0    Dex: 10    Spells: 9/17 levels left

rFire    . . .     SeeInvis .   e - +0 halberd
rCold    . . .     Gourm    .   (shield currently unavailable)
rNeg     . . .     Faith    .   a - +0 hat
rPois    .         Spirit   .   (no amulet)
rElec    .         Reflect  .   (no ring)
rCorr    .         Harm     .   (no ring)
MR       .....                  (no ring)
Stlth    +++.......             (no ring)
Regen    0.2/turn               (no ring)
MPRegen  0.2/turn               (no ring)
                                (no ring)
                                (no ring)

@: divine energy
A: almost no armour, stealthy swim, amphibious, 8 rings, constrict 8, camouflage
1, gelatinous body 1
a: Stop Divine Energy, Renounce Religion


You were in the Ecumenical Temple.
You worshipped Sif Muna.
Sif Muna was aware of your devotion.
You were not hungry.

You visited 2 branches of the dungeon, and saw 7 of its levels.

You collected 195 gold pieces.

Inventory:

Hand Weapons
 e - a +0 halberd (weapon)
Armour
 a - a +0 hat (worn)
 u - a +0 buckler
Wands
 l - a wand of clouds (4/9)
 x - a wand of confusion (32/48)
 y - a wand of confusion (25/48)
 A - a wand of clouds (3/9)
 B - a wand of acid (3/15)
Scrolls
 f - 3 scrolls of teleportation {unknown}
 g - a scroll of recharging {unknown}
 h - 5 scrolls of identify
 j - 2 scrolls of fear {unknown}
 o - 4 scrolls of remove curse {unknown}
 s - 2 scrolls of enchant armour {unknown}
 v - a scroll of amnesia {unknown}
 w - a scroll of fog {unknown}
 C - a scroll of blinking {unknown}
 D - a scroll of enchant weapon {unknown}
Potions
 d - a potion of mutation {unknown}
 i - 2 potions of lignification
 m - 2 potions of haste
 n - a potion of heal wounds {unknown}
 p - 3 potions of flight
 r - a potion of curing {unknown}
 t - a potion of resistance
Books
 b - a book of Minor Magic

   Spells                             Type                      Level
   a - Magic Dart                     Conjuration                  1
   b - Blink                          Translocation                2
   c - Call Imp                       Summoning                    2
   d - Slow                           Hexes                        2
   e - Conjure Flame                  Conjuration/Fire             3
   f - Mephitic Cloud                 Conjuration/Poison/Air       3
Comestibles
 c - 4 bread rations
 k - 2 meat rations
 q - a royal jelly
 z - a chunk of flesh


   Skills:
 - Level 3.0 Fighting
 - Level 2.0 Polearms
 - Level 2.0 Dodging
 - Level 2.6 Stealth
 + Level 5.4 Spellcasting
 * Level 6.1 Conjurations
 - Level 1.0 Summonings
 - Level 1.0 Translocations
 - Level 3.4 Poison Magic
 - Level 1.0 Invocations


You had 9 spell levels left.
You knew the following spells:

 Your Spells              Type           Power        Failure   Level  Hunger
a - Magic Dart            Conj           ####         1%          1    None
b - Call Imp              Summ           ##......     10%         2    None
c - Blink                 Tloc           N/A          10%         2    None
d - Mephitic Cloud        Conj/Pois/Air  ###.....     8%          3    ##.....


Dungeon Overview and Level Annotations

Branches:
Dungeon (6/15)             Temple (1/1) D:5

Altars:
Ashenzari
Cheibriados
Dithmenos
Elyvilon
Fedhas
Gozag
Hepliaklqana
Makhleb
Nemelex Xobeh
Okawaru
Qazlal
Ru
Sif Muna
Trog
Uskayaw
Vehumet
Xom
Zin

Annotations:
D:6 AdmiralAndromeda's ghost, novice DDMo


Innate Abilities, Weirdness & Mutations

You cannot wear most types of armour.
You are very stealthy in the water. (Stealth+)
You are amphibious.
You can wear up to eight rings at the same time.
You can use your tentacles to constrict eight enemies at once.
Your skin changes colour to match your surroundings (Stealth+).
Your rubbery body absorbs attacks. (AC +1, EV +1)


Message History

Confirm with . or Enter, or press ? or * to list all spells.
A beastly little devil appears in a puff of flame.
Your crimson imp barely misses the bullfrog.
Your crimson imp hits the bullfrog.
Casting: Call Imp
Confirm with . or Enter, or press ? or * to list all spells.
You blink.
Your crimson imp barely misses the bullfrog.
A frilled lizard comes into view.
The frilled lizard moves out of view.
Your crimson imp blinks!
The bullfrog hits you.
* * * LOW HITPOINT WARNING * * *
There is a staircase to the Ecumenical Temple here.
The bullfrog hits you.
* * * LOW HITPOINT WARNING * * *
You climb downwards.
Welcome back to the Ecumenical Temple!
There is a staircase back to the Dungeon here.
The bullfrog hits you.
You die...

##............
##...8.........
##...........##.
##............#..
##..............._
#........##.##.#..
##........#...#.##.
#..........._......
#.@.##.##.#...#.##.
#.F.#...#.##.##.#..
#.<..._..........._
#...#...#.##.##.#..
#...##.##.#...#.##.
#..........._......
##........#...#.##.
#........##.##.#..
##..............._


You could see a bullfrog.

Vanquished Creatures
  Duvessa (D:5)
  A phantom (D:6)
  An ogre (D:4)
  A centaur (D:5)
  Blork the orc (D:3)
  3 bullfrogs (D:6)
  Dowan (D:5)
  A crimson imp (D:6)
  An iguana (D:4)
  2 orc wizards (D:4)
  A worker ant (D:4)
  A hound skeleton (D:6)
  4 gnolls
  An adder (D:6)
  A shadow imp (D:5)
  2 oozes
  5 worms
  7 leopard geckos
  5 orcs
  4 giant cockroaches
  7 goblins
  6 hobgoblins
  8 jackals
  2 ball pythons
  10 bats
  6 frilled lizards
  8 kobolds
  2 leopard gecko skeletons
  4 rats
97 creatures vanquished.

Vanquished Creatures (collateral kills)
  Prince Ribbit (D:5)
  A hound (D:4)
  4 adders
  A worm (D:2)
  An orc (D:5)
8 creatures vanquished.

Grand Total: 105 creatures vanquished

Notes
Turn   | Place    | Note
-------+----------+-------------------------------------------
     0 | D:1      | Folque the Octopode Wizard began the quest for the Orb.
     0 | D:1      | Reached XP level 1. HP: 11/11 MP: 4/4
   218 | D:1      | Reached skill level 1 in Fighting
   218 | D:1      | Reached XP level 2. HP: 10/18 MP: 0/6
   577 | D:1      | Reached XP level 3. HP: 19/24 MP: 5/7
   587 | D:1      | Learned a level 2 spell: Call Imp
   596 | D:1      | Learned a level 2 spell: Blink
   600 | D:1      | Learned a level 3 spell: Mephitic Cloud
  1129 | D:2      | Reached skill level 1 in Poison Magic
  1178 | D:2      | Reached XP level 4. HP: 24/29 MP: 9/9
  1883 | D:3      | Found a shimmering altar of Xom.
  1979 | D:3      | Reached skill level 2 in Conjurations
  1992 | D:3      | Reached XP level 5. HP: 34/34 MP: 10/10
  2223 | D:3      | Noticed Blork the orc
  2227 | D:3      | Killed Blork the orc
  2233 | D:3      | Found a deep blue altar of Sif Muna.
  2241 | D:3      | Became a worshipper of Sif Muna the Loreminder
  2477 | D:4      | Found an opulent altar of Gozag.
  2559 | D:4      | Noticed an ogre
  2587 | D:4      | Killed an ogre
  2587 | D:4      | Reached skill level 1 in Polearms
  2587 | D:4      | Reached skill level 3 in Conjurations
  2587 | D:4      | Reached XP level 6. HP: 36/39 MP: 0/12
  3254 | D:5      | Entered Level 5 of the Dungeon
  3254 | D:5      | Noticed Prince Ribbit
  3267 | D:5      | Killed Prince Ribbit
  3267 | D:5      | Reached * piety under Sif Muna
  3267 | D:5      | Reached skill level 4 in Conjurations
  3267 | D:5      | Reached XP level 7. HP: 33/45 MP: 7/13
  3638 | D:5      | Found a staircase to the Ecumenical Temple.
  3644 | Temple   | Entered the Ecumenical Temple
  3816 | D:5      | Noticed Dowan
  3817 | D:5      | Noticed Duvessa
  3825 | D:5      | Killed Dowan
  3988 | D:5      | Killed Duvessa
  3988 | D:5      | Reached skill level 5 in Conjurations
  4420 | D:6      | Noticed AdmiralAndromeda's ghost (novice DDMo)
  4511 | D:6      | Reached skill level 5 in Spellcasting
  4624 | D:6      | Reached XP level 8. HP: 33/52 MP: 9/15
  4766 | D:6      | Reached skill level 1 in Invocations
  4798 | D:6      | Reached skill level 6 in Conjurations
  5137 | D:5      | HP: 2/52 [bullfrog (3)]
  5140 | Temple   | Slain by a bullfrog

Skill      XL: |  1  2  3  4  5  6  7  8 |
---------------+-------------------------+-----
Fighting       | 1 2 3 |  3.0
Poison Magic   | 1 2 3 |  3.4
Conjurations   | 2 3 4 5 6 |  6.1
Spellcasting   | 4 5 |  5.4
Polearms       | 1 2 |  2.0
Invocations    | 1 |  1.0
Dodging        | |  2.0
Stealth        | |  2.6
Summonings     | |  1.0
Translocations | |  1.0

Action                   |  1- 3 |  4- 6 |  7- 9 || total
-------------------------+-------+-------+-------++-------
Melee: Unarmed           |    11 |       |       ||    11
       Constrict         |    14 |    17 |    10 ||    41
       Tentacles         |     6 |     7 |     5 ||    18
       Halberd           |    58 |   157 |    67 ||   282
 Cast: Magic Dart        |    10 |       |     4 ||    14
       Call Imp          |     1 |     9 |    27 ||    37
       Mephitic Cloud    |       |     6 |     9 ||    15
       Blink             |       |     2 |    13 ||    15
Invok: Divine Energy     |       |       |     1 ||     1
Evoke: Wand              |       |       |     2 ||     2
  Use: Potion            |       |       |     1 ||     1
       Scroll            |       |       |     3 ||     3
 Stab: Sleeping          |     6 |    15 |     7 ||    28
       Distracted        |     1 |       |       ||     1
       Confused          |       |     3 |     4 ||     7
  Eat: Chunk             |     1 |     7 |     2 ||    10
       Meat ration       |       |       |     1 ||     1
Armor: Skin              |     4 |     5 |     3 ||    12
Dodge: Dodged            |    28 |    72 |    29 ||   129
